 Dungeon Crawl Stone Soup version 0.19.5 (webtiles) character file.

53 Gargoyl the Skirmisher (level 3, 0/33 HPs)
             Began as a Ghoul Abyssal Knight on Mar 24, 2017.
             Was a Believer of Lugonu.
             Slain by an orc
             ... wielding a +2 whip of draining
              (5 damage)
             ... on level 3 of the Dungeon.
             The game lasted 00:04:30 (1440 turns).

Gargoyl the Skirmisher (Ghoul Abyssal Knight)       Turns: 1440, Time: 00:04:31

Health: 0/33       AC:  0    Str: 15    XL:     3   Next: 87%
Magic:  3/3        EV: 12    Int:  7    God:    Lugonu [**....]
Gold:   148        SH:  0    Dex: 13    Spells: 0 memorised, 2 levels left

rFire  . . .     SeeInvis .     a - +1 hand axe
rCold  + . .     Gourm    .     (no armour)
rNeg   + + +     Faith    .     (no shield)
rPois  ∞         Spirit   .     (no helmet)
rElec  .         Reflect  .     d - -2 cloak (curse)
rCorr  .         Harm     .     (no gloves)
MR     .....                    (no boots)
Stlth  +.........               (no amulet)
                                (no ring)
                                j - +4 ring of dexterity

@: very slightly contaminated, rotting, hasted, very quick
A: rotting body, claws 1, carnivore 3, cold resistance 1, negative energy
resistance 3, slow regeneration 1, torment resistance, unbreathing
a: Depart the Abyss, Bend Space, Renounce Religion


You were on level 3 of the Dungeon.
You worshipped Lugonu.
Lugonu was pleased with you.
You were not hungry.

You visited 1 branch of the dungeon, and saw 4 of its levels.
You visited the Abyss 1 time.

You collected 148 gold pieces.

Inventory:

Hand Weapons
 a - a +1 hand axe (weapon)
Armour
 b - a +0 leather armour
 d - a cursed -2 cloak (worn)
 g - a +0 scale mail
Jewellery
 j - a +4 ring of dexterity (left claw)
Scrolls
 f - a scroll of identify
Potions
 e - 2 potions of cancellation
 h - a potion of haste
 i - a potion of brilliance {unknown}
Comestibles
 c - 2 meat rations
 k - a royal jelly


   Skills:
 + Level 4.0 Fighting
 + Level 2.1 Axes
 * Level 2.4 Armour
 + Level 1.1 Dodging
 * Level 2.3 Invocations


You had 2 spell levels left.
You didn't know any spells.

Dungeon Overview and Level Annotations

Branches:
Dungeon (4/15)
 Temple: D:4-7

Altars:
Elyvilon

Annotations:
D:3 daseffeff's ghost, amateur HOMo


Innate Abilities, Weirdness & Mutations

Your body is rotting away.
You thrive on raw meat.
You are immune to poison.
You have sharp fingernails.
You are carnivorous and can eat meat at any time.
Your flesh is cold resistant. (rC+)
You are immune to negative energy. (rN+++)
You regenerate slowly when monsters are visible.
You are immune to unholy pain and torment.
You can survive without breathing.


Message History

Unknown command.
It was a potion of haste.
You feel yourself speed up.
The orc hits you with a whip of draining.
* * * LOW HITPOINT WARNING * * *
The orc misses you.
You are very lightly contaminated with residual magic.
Okay, then.
A worm comes into view.
Found 14 gold pieces and a scale mail.
You now have 148 gold pieces (gained 14).
You see here a scale mail.
g - a scale mail Keep disrobing?
You start removing your armour.
You continue taking off your +0 leather armour. x4
You finish taking off your +0 leather armour.
Unknown command.
The orc hits you with a whip of draining.
Keep equipping yourself?
You die...

#.###
#.#####♣♣
♣♣♣.♣♣♣
#...# #.#
♣♣♣ ###.#
#w# #.#
###.### ##.#
#.....# #..#
#.....# #.##
#....o# #.#
#....o# #.#
#....@# #.#
####### #.#
#.# #.####
#....#
#....#
##..<#
#...######.#


You could see a worm and 2 orcs.

Vanquished Creatures
  An ooze (D:1)
  A worm (D:2)
  2 dart slugs
  2 orcs
  A ball python (D:1)
  3 bats
  5 goblins
  6 hobgoblins
  2 jackals (D:2)
  5 kobolds
  2 frilled lizards
  9 rats
39 creatures vanquished.

Notes
Turn   | Place    | Note
-------+----------+-------------------------------------------
     0 | Abyss:1  | Gargoyl the Ghoul Abyssal Knight began the quest for the Orb.
     0 | Abyss:1  | Reached XP level 1. HP: 19/19 MP: 1/1
    69 | Abyss:1  | Noticed a small abomination
    71 | Abyss:1  | Noticed a cacodemon
    74 | D:1      | Escaped the Abyss
   228 | D:1      | Reached * piety under Lugonu
   228 | D:1      | Reached skill level 1 in Dodging
   228 | D:1      | Reached XP level 2. HP: 15/26 MP: 2/2
   824 | D:1      | Reached XP level 3. HP: 28/33 MP: 3/3
  1299 | D:3      | Reached skill level 4 in Fighting
  1319 | D:3      | Noticed daseffeff's ghost (amateur HOMo)
  1386 | D:3      | Found a white marble altar of Elyvilon.
  1403 | D:3      | Reached ** piety under Lugonu
  1440 | D:3      | Slain by an orc

Skill      XL: |  1  2  3 |
---------------+----------+-----
Armour         | 2 |  2.4
Dodging        | 1 |  1.1
Axes           | 2 |  2.1
Fighting       | 4 |  4.0
Invocations    | |  2.3

Action                   || total
-------------------------++-------
Melee: Hand axe          ||   118
Invok: Depart the Abyss  ||     1
  Use: Scroll            ||     7
       Potion            ||     5
 Stab: Sleeping          ||     2
  Eat: Chunk             ||    30
Armor: Leather armour    ||    26
Dodge: Dodged            ||   100
